 Dungeon Crawl Stone Soup version 0.25.1-8-g42b30a86e7 (webtiles) character file.

Game seed: 12674930082228330442

218 hehateme the Skirmisher (level 6, -5/41 HPs)
             Began as a Kobold Fighter on Dec 15, 2020.
             Slain by Grinder (6 damage)
             ... on level 4 of the Dungeon.
             The game lasted 00:08:25 (3734 turns).

hehateme the Skirmisher (Kobold Fighter)            Turns: 3734, Time: 00:08:26

Health: -5/41      AC: 13    Str: 15    XL:     6   Next: 17%
Magic:  6/6        EV:  6    Int:  9    God:
Gold:   134        SH:  9    Dex: 15    Spells: 5/5 levels left

rFire    . . .     SeeInvis .   a - +0 flail
rCold    . . .     Gourm    .   c - +0 kite shield
rNeg     . . .     Faith    .   x - +0 chain mail
rPois    .         Spirit   .   (helmet restricted)
rElec    .         Reflect  .   p - +0 cloak
rCorr    .         Harm     .   (no gloves)
MR       .....                  r - +0 pair of boots
Stlth    ..........             (no amulet)
HPRegen  0.13/turn              (no ring)
MPRegen  0.10/turn              (no ring)

@: mighty
A: small, horns 1, molten scales 1, carnivore, MP-powered wands
a: no special abilities


You were on level 4 of the Dungeon.
You were very full.

You visited 1 branch of the dungeon, and saw 4 of its levels.

You collected 134 gold pieces.

Inventory:

Hand Weapons
 a - a +0 flail (weapon)
Armour
 b - a +0 scale mail
 c - a +0 kite shield (worn)
 p - a +0 cloak (worn)
   (You found it on level 2 of the Dungeon)
 r - a +0 pair of boots (worn)
   (You found it on level 3 of the Dungeon)
 x - a +0 chain mail (worn)
   (You found it on level 1 of the Dungeon)
Jewellery
 l - an uncursed ring of see invisible {unknown}
   (You found it on level 3 of the Dungeon)
 t - an uncursed ring of protection from cold {unknown}
   (You found it on level 3 of the Dungeon)
 w - an uncursed ring of positive energy {unknown}
   (You found it on level 3 of the Dungeon)
Scrolls
 e - 2 scrolls of teleportation {unknown}
 h - a scroll of amnesia {unknown}
 j - 2 scrolls of enchant armour {unknown}
 k - a scroll of enchant weapon {unknown}
 m - 5 scrolls of identify {unknown}
 o - 2 scrolls of remove curse {unknown}
 s - a scroll of fog {unknown}
Potions
 g - a potion of mutation {!q}
 n - a potion of curing {unknown}
 q - a potion of lignification {unknown}
 u - a potion of cancellation {unknown}
Comestibles
 f - 6 rations


   Skills:
 + Level 5.9 Fighting
 - Level 1.9 Maces & Flails
 - Level 3.1 Armour
 - Level 3.1 Shields


You had 5 spell levels left.
You didn't know any spells.
Your spell library was empty.

Dungeon Overview and Level Annotations

Branches:
Dungeon (4/15)
 Temple: D:4-7

Altars:
Okawaru

Annotations:
D:4 Grinder


Innate Abilities, Weirdness & Mutations

You are small and have problems with some larger weapons.
You are carnivorous and can eat meat at any time.
You have a pair of small horns on your head.
You are partially covered in molten scales. (AC +2)
You expend magic power (3 MP) to strengthen your wands.


Message History

Unknown command.
Things that are here:
a +0 ring mail; a +0 short sword You block the ice beast's attack.
There is a stone staircase leading up here.
The ice beast hits you but does no damage.
There is a stone staircase leading down here.
There is a stone staircase leading down here.
There is a stone staircase leading down here.
You climb downwards.
Level annotation: Grinder
There is a stone staircase leading up here.
A scorpion comes into view.
There is a stone staircase leading up here.
You start waiting.
The scorpion is too close now for your liking.
You hit the scorpion. The scorpion barely misses you.
You hit the scorpion. You block the scorpion's attack.
The scorpion barely misses you.
You barely miss the scorpion.
The scorpion stings you but does no damage.
You closely miss the scorpion. The scorpion stings you.
You are poisoned.
The scorpion poisons you!
You take 6 damage, and have 29/35 hp.
You hit the scorpion.
You feel sick. The scorpion barely misses you. The scorpion stings you.
You take 2 damage, and have 27/35 hp.
You hit the scorpion.
You feel sick. The scorpion stings you.
You are more poisoned.
The scorpion poisons you!
You take 5 damage, and have 22/35 hp.
You hit the scorpion.
You feel very sick. The scorpion closely misses you.
You block the scorpion's attack.
You take 2 damage, and have 20/35 hp.
You hit the scorpion.
You feel sick.
The scorpion stings you but does no damage.
You take 2 damage, and have 18/35 hp.
You hit the scorpion.
You feel sick. The scorpion stings you.
* * * LOW HITPOINT WARNING * * *
The scorpion barely misses you.
You take 8 damage, and have 10/35 hp.
MASSIVE DAMAGE!!
You sock the scorpion!
You kill the scorpion!
You have reached level 6!
Your experience leads to an increase in your attributes!
Increase (s)trength, (i)ntelligence, or (d)exterity?
You feel stronger.
* * * LOW HITPOINT WARNING * * *
You feel sick.
MP restored: 6 It was a potion of mutation.
You feel extremely strange. A pair of horns grows on your head!
Molten scales grow over part of your body.
You feel your magical essence link to the dungeon's wands.
* * * LOW HITPOINT WARNING * * *
You feel sick.
You take 1 damage, and have 10/41 hp.
It was a potion of heal wounds.
You feel much better.
You feel sick.
You regained 20 hp, and now have 30/41 hp.
You start resting.
You feel sick. x14
You are no longer poisoned.
You take 10 damage, and have 20/41 hp.
MASSIVE DAMAGE!!
You start resting.
Grinder is too close now for your liking.
You regained 2 hp, and now have 22/41 hp.
Grinder shouts!
Grinder blinks!
Grinder gestures at you.
You suddenly lose the ability to move!
Grinder gestures at you.
You barely resist. Grinder gestures at you.
You barely resist.
You can move again.
You feel very mighty all of a sudden.
You barely miss Grinder. Grinder hits you.
You writhe in agony.
Grinder barely misses you.
You take 6 damage, and have 17/41 hp.
You closely miss Grinder. Grinder hits you!
* * * LOW HITPOINT WARNING * * *
You take 7 damage, and have 10/41 hp.
You hit Grinder. Grinder hits you but does no damage. Grinder hits you.
* * * LOW HITPOINT WARNING * * *
You take 6 damage, and have 4/41 hp.
You barely miss Grinder. Grinder hits you but does no damage.
You sock Grinder! You headbutt Grinder! Grinder hits you but does no damage.
You block Grinder's attack.
You hit Grinder. Grinder gestures at you.
You suddenly lose the ability to move!
Grinder blinks!
You can move again.
Grinder hits you.
* * * LOW HITPOINT WARNING * * *
You writhe in agony.
You die...

. ##### ... .....
..... ...... .....
###......
.......####
..#......
...........#######
#........ .r5#
#.......#
#......s. ...#
#######@####.#
...# #<5.##.# ...#
###.##.# # ...#
#....####.##
####5..##
###.........
.......(#
##.#.(....
<...#......
########....####.
.........$.
.........####
....#...###
.......###


You could see Grinder.

Vanquished Creatures
  A scorpion (D:4)
  A gnoll (D:2)
  6 adders
  An ooze (D:3)
  A worm (D:3)
  4 dart slugs
  3 leopard geckos (D:1)
  3 orcs
  9 giant cockroaches
  12 goblins
  6 hobgoblins
  7 jackals
  10 kobolds
  4 bats
  3 frilled lizards
  11 rats
82 creatures vanquished.

Notes
Turn   | Place    | Note
-------+----------+-------------------------------------------
     0 | D:1      | hehateme the Kobold Fighter began the quest for the Orb.
     0 | D:1      | Reached XP level 1. HP: 14/14 MP: 1/1
    41 | D:1      | Reached XP level 2. HP: 17/19 MP: 2/2
   359 | D:1      | HP: 3/19 [kobold/+0 short sword (4)]
   361 | D:1      | Reached XP level 3. HP: 3/23 MP: 3/3
  1101 | D:2      | Reached XP level 4. HP: 23/29 MP: 4/4
  1313 | D:2      | Reached skill level 4 in Fighting
  1313 | D:2      | Reached skill level 3 in Armour
  1313 | D:2      | Reached skill level 3 in Shields
  1719 | D:2      | Found an iron altar of Okawaru.
  1936 | D:3      | Reached XP level 5. HP: 34/34 MP: 5/5
  2454 | D:3      | Reached skill level 5 in Fighting
  3168 | D:4      | Noticed Grinder
  3235 | D:4      | Noticed an ice beast
  3667 | D:4      | Reached XP level 6. HP: 12/41 MP: 6/6
  3668 | D:4      | Gained mutation: You have a pair of small horns on your
                  | head. [potion of mutation]
  3668 | D:4      | Gained mutation: You are partially covered in molten
                  | scales. (AC +2) [potion of mutation]
  3668 | D:4      | Gained mutation: You expend magic power (3 MP) to
                  | strengthen your wands. [potion of mutation]
  3668 | D:4      | HP: 10/41 [poisoned by a scorpion]
  3718 | D:4      | Paralysed by Grinder for 7 turns
  3727 | D:4      | HP: 10/41 [Grinder (7)]
  3728 | D:4      | HP: 4/41 [Grinder (6)]
  3731 | D:4      | Paralysed by Grinder for 2 turns
  3734 | D:4      | HP: 1/41 [Grinder (4)]
  3734 | D:4      | Slain by Grinder

Illustrated notes

Levels and vault maps discovered:
D:1:      mainiacjoe_arrival_reflecting_pool, layout_basic, chequers_garden
D:2:      layout_basic, okawaru_altar_gauntlet_db, corexii_shack,
          minmay_tetromino_o2
D:3:      layout_loops_ring
D:4:      layout_rooms, led_sif_book, uniq_pikel, uniq_grinder, uniq_edmund

Skill      XL: |  1  2  3  4  5 |
---------------+----------------+-----
Fighting       | 4 5 |  5.9
Armour         | 3 |  3.1
Shields        | 3 |  3.1
Maces & Flails | |  1.9

Action                   |  1- 3 |  4- 6 || total
-------------------------+-------+-------++-------
Melee: Flail             |    88 |   154 ||   242
       Headbutt          |       |     1 ||     1
  Use: Potion            |       |     3 ||     3
  Eat: Chunk             |     9 |     7 ||    16
Armor: Scale mail        |    57 |    66 ||   123
       Chain mail        |       |    12 ||    12
Dodge: Dodged            |    48 |    72 ||   120
Block: Kite shield       |    63 |    83 ||   146

Levels and vault maps discovered:
D:1:      mainiacjoe_arrival_reflecting_pool, layout_basic, chequers_garden
D:2:      layout_basic, okawaru_altar_gauntlet_db, corexii_shack,
          minmay_tetromino_o2
D:3:      layout_loops_ring
D:4:      layout_rooms, led_sif_book, uniq_pikel, uniq_grinder, uniq_edmund

Table legend:
 A = Turns spent in this place as a percentage of turns spent in the entire game.
 B = Non-inter-level travel turns spent in this place as a percentage of non-inter-level travel turns spent in the entire game.
 C = Inter-level travel turns spent in this place as a percentage of turns spent in this place.
 D = Turns resting spent in this place as a percentage of non-inter-level travel turns spent in this place.
 E = Turns spent auto-exploring this place as a percentage of non-inter-level travel turns spent in this place.
 F = Non-inter-level travel turns spent in this place divided by the number of levels of this place that you've seen.
                   A       B       C       D       E      F
               +-------+-------+-------+-------+-------+----------------------
         Total | 100.0 | 100.0 |   7.3 |   3.1 |  68.5 | 865.5
       Dungeon | 100.0 | 100.0 |   7.3 |   3.1 |  68.5 | 865.5
               +-------+-------+-------+-------+-------+----------------------

Table legend:
 A = Kills in this place as a percentage of kills in entire the game.
 B = Kills by you in this place as a percentage of kills by you in the entire game.
 C = Kills by friends in this place as a percentage of kills by friends in the entire game.
 D = Other kills in this place as a percentage of other kills in the entire game.
 E = Experience gained in this place as a percentage of experience gained in the entire game.
 F = Experience gained in this place divided by the number of levels of this place that you have seen.
                   A       B       C       D       E      F
               +-------+-------+-------+-------+-------+----------------------
         Total | 100.0 | 100.0 |   N/A |   N/A | 100.0 |  78.0
       Dungeon | 100.0 | 100.0 |   N/A |   N/A | 100.0 |  78.0
               +-------+-------+-------+-------+-------+----------------------
